 Dungeon Crawl Stone Soup version 0.31-a0-16-g6d2539766c (webtiles) character file.

Game seed: 2958829616609002302

59 ytrimaz the Insei (level 4, 0/35 HPs)
             Began as a Meteoran Transmuter on May 8, 2023.
             Slain by an orc wizard
             ... wielding a +0 dagger
              (4 damage)
             ... on level 3 of the Dungeon.
             The game lasted 00:02:39 (1349 turns).

ytrimaz the Insei (Meteoran Transmuter)             Turns: 1349, Time: 00:02:39

Health: 0/35       AC:  2    Str: 18    XL:     4   Next: 46%
Magic:  7/9        EV: 12    Int: 16    God:
Gold:   130        SH:  0    Dex: 14    Spells: 5/8 levels left

rFire   . .          .
                       - Unarmed
rCold   . . .        (no shield)
rNeg    . . .        a - +0 robe
rPois   .            (helmet currently unavailable)
rElec   .            (no cloak)
rCorr   .            (no gloves)
SInv    .            (boots currently unavailable)
Will    .....        (no amulet)
Stlth   +            d - +6 ring of strength
HPRegen 0.25/turn    (no ring)
MPRegen 0.11/turn

%: no passive effects
@: appendages, wereblooded, attractive, glowing
A: horns 2, talons 2, sense surroundings 1, otherworldly, glowing, explore regen
a: End Transformation


You were on level 3 of the Dungeon.
You had temporarily grown beastly horns and talons.
You visited 1 branch of the dungeon, and saw 3 of its levels.

You collected 130 gold pieces.


Innate Abilities, Weirdness & Mutations

You have temporarily grown beastly horns and talons.
You passively map a small area around you.
You are easily found by Zot.
You glow in the dark.
You regain HP and MP as you explore.


   Skills:
 - Level 1.1 Fighting
 - Level 2.4 Dodging
 + Level 4.7 Unarmed Combat
 + Level 2.9 Spellcasting
 + Level 3.8 Transmutations


You had 5 spell levels left.
You knew the following spells:

 Your Spells              Type           Power      Damage    Failure   Level
a - Beastly Appendage     Tmut           28%        N/A       3%          1
b - Wereblood             Tmut           14%        N/A       6%          2

Your spell library contained the following spells:

 Spells                   Type           Power      Damage    Failure   Level
 Spider Form              Tmut/Pois      8%         N/A       26%         3
 Ice Form                 Ice/Tmut       8%         N/A       63%         4
 Blade Hands              Tmut           7%         N/A       71%         5
 Animate Armour           Summ/Erth      4%         N/A       88%         4
 Iron Shot                Conj/Erth      1%         9d1       100%        6

Inventory:

Armour
 a - a +0 robe (worn)
Jewellery
 d - a +6 ring of strength (left hand)
   (You found it on level 2 of the Dungeon)
Scrolls
 c - a scroll of teleportation
 f - a scroll of blinking {unknown}
 g - a scroll of poison {unknown}
 i - a scroll of enchant weapon {unknown}
 j - a scroll of noise {unknown}
 l - a scroll of identify
Potions
 b - a potion of ambrosia {unknown}
 e - 2 potions of curing
 k - a potion of heal wounds {unknown}

Dungeon Overview and Level Annotations

Branches:
Dungeon (3/15) Zot: 458

Altars:

#.####..........####.)โ€
..# , ..#
..............โ€
###...... ## *
.............โ€
.#####....
.......)..........#* ...
, #..............##.#*,
.. ..(...............# ,
. , ..............#####
* , .....oo.......#
ยง..r..o@......#
......Jo.$##### *
.........## .#<.....## *
######## , *


You could see 2 orc priests, an orc wizard, an orc, an endoplasm and a rat.


Message History

The rat twitches its whiskers.
The rat completely misses you.
You see here a quokka corpse.
Unknown command.
You punch the rat!
You kill the rat!
The hobgoblin barely misses you.
Things that are here:
a +0 club; a kobold corpse The hobgoblin hits you. ๐Ÿ˜• HP[-1]
You take 1 damage, and now have 34/35 hp.
You barely miss the hobgoblin. Your kick misses the hobgoblin.
The hobgoblin hits you but does no damage.
You hit the hobgoblin. You claw the hobgoblin.
You kill the hobgoblin! ๐Ÿ˜Ž HP[+1]
Your hp is fully restored (35).
No target in view!
You see here a hobgoblin corpse.
No target in view!
Your transformation is almost over.
Things that are here:
a +0 club; a kobold corpse You see here a quokka corpse.
l - a scroll of identify Your horns disappear.
Your talons disappear.
An orc wizard comes into view. It is wielding a +0 dagger.
Found 2 stones.
Found an escape hatch in the ceiling.
The orc wizard shouts!
You hear a shout! x2
The orc wizard gestures at you while chanting.
The magic dart hits you. ๐Ÿ˜• HP[-6]
You take 6 damage, and now have 29/35 hp.
An orc wizard is nearby!
Unknown command.
You grow a pair of large bovine horns.
Your feet morph into talons.
An orc comes into view.
It is wielding a +0 trident. ๐Ÿ˜• MP[-1]
You lost 1 mp, and now have 8/9 mp.
An orc priest comes into view. It is wielding a +0 hand axe.
An endoplasm and an orc priest come into view.
The orc priest is wielding a +0 hand axe of venom.
The endoplasm quivers.
The orc priest shouts!
The orc priest invokes the aid of Beogh against you.
Beogh smites you! ๐Ÿ˜ฎ HP[-9] MP[+1]
You take 9 damage, and now have 20/35 hp.
MASSIVE DAMAGE!! (PAUSE)
Your mp is fully restored (9).
It was a potion of attraction.
You feel attractive to monsters. The endoplasm is attracted toward you.
The orc priest is attracted toward you. x2 ๐Ÿ˜ฎ HP[+1] Unknown command.
Okay, then.
Casting: Beastly Appendage (safe; 3% risk of failure)
Confirm with . or Enter, or press ? or * to list all spells.
Okay, then.
Casting: Beastly Appendage (safe; 3% risk of failure)
Confirm with . or Enter, or press ? or * to list all spells.
Your blood is infused with primal strength.
The orc wizard hits you but does no damage.
The orc hits you from afar with a +0 trident. ๐Ÿ˜ฎ HP[-2] MP[-2]
You take 2 damage, and now have 19/35 hp.
You lost 2 mp, and now have 7/9 mp.
Unknown command.
You barely miss the orc wizard. Your headbutt misses the orc wizard.
The endoplasm hits you.
* * * LOW HITPOINT WARNING * * *
The orc closely misses you.
The orc priest hits you with a +0 hand axe!
* * * LOW HITPOINT WARNING * * *
๐Ÿ˜จ HP[-9]
You take 9 damage, and now have 10/35 hp.
MASSIVE DAMAGE!! (PAUSE)
You barely miss the orc priest. The endoplasm barely misses you.
The orc wizard barely misses you.
The orc priest hits you with a +0 hand axe of venom.
* * * LOW HITPOINT WARNING * * *
The orc barely misses you.
The orc priest hits you with a +0 hand axe.
* * * LOW HITPOINT WARNING * * *
๐Ÿ˜ฑ HP[-4]
You take 4 damage, and now have 6/35 hp.
You closely miss the orc priest. The endoplasm hits you.
* * * LOW HITPOINT WARNING * * *
The orc wizard hits you but does no damage.
A rat comes into view.
The orc misses you. The orc priest barely misses you.
The orc priest closely misses you.
The rat is attracted toward you. ๐Ÿ˜ฑ HP[-2]
You take 2 damage, and now have 4/35 hp.
Unknown command.
You hit the orc priest but do no damage.
The endoplasm hits you but does no damage.
The orc wizard hits you with a +0 dagger.
You die...

Skill      XL: |  1  2 |
---------------+-------+-----
Unarmed Combat | 4 |  4.7
Transmutations | 3 |  3.8
Fighting       | |  1.1
Dodging        | |  2.4
Spellcasting   | |  2.9

Action                     |  1- 3 |  4- 6 || total
---------------------------+-------+-------++-------
  Melee: Unarmed           |    78 |    31 ||   109
         Headbutt          |     4 |     6 ||    10
         Kick              |    10 |     5 ||    15
         Punch             |     1 |       ||     1
   Cast: Beastly Appendage |    28 |     6 ||    34
         Wereblood         |       |     1 ||     1
    Use: Scroll            |     2 |       ||     2
         Potion            |     1 |     1 ||     2
 Armour: Robe              |    20 |     8 ||    28
         Skin              |     1 |       ||     1
  Dodge: Dodged            |    48 |    18 ||    66

Levels and vault maps discovered:
D:1:      dpeg_arrival_subterranean_lakeside_camping, layout_basic,
          hangedman_decor_lopped, minmay_tripent
D:2:      cheibrodos_greedy_goblins, layout_basic
D:3:      layout_rooms, serial_rivers, chequers_serial_rivers_small_b,
          chequers_serial_rivers_small_3, chequers_serial_rivers_large_a,
          chequers_serial_rivers_micro_b

Notes
Turn   | Place    | Note
-------+----------+-------------------------------------------
     0 | D:1      | ytrimaz the Meteoran Transmuter began the quest for the
                  | Orb.
     0 | D:1      | Reached XP level 1. HP: 16/16 MP: 5/5
     0 | D:1      | magus.rc [v1.9.6]
    53 | D:1      | Reached XP level 2. HP: 23/23 MP: 6/6
   135 | D:1      | Reached skill level 4 in Unarmed Combat
   136 | D:1      | Reached skill level 3 in Transmutations
   308 | D:1      | You pick up a book of Iron and begin reading...
   308 | D:1      | You add the spells Animate Armour, Blade Hands and Iron
                  | Shot to your library.
   325 | D:1      | Reached XP level 3. HP: 26/28 MP: 8/8
   502 | D:1      | Glimpsed the power of Zot.
   552 | D:1      | Glimpsed the power of Zot.
   626 | D:2      | Learned a level 2 spell: Wereblood
  1049 | D:2      | Reached XP level 4. HP: 35/35 MP: 7/9
  1107 | D:2      | Glimpsed the power of Zot.
  1157 | D:2      | Glimpsed the power of Zot.
  1347 | D:3      | HP: 6/35 [orc priest/+0 hand axe (3)]
  1349 | D:3      | Slain by an orc wizard

Vanquished Creatures
  4 ball pythons
  3 endoplasms
  A giant cockroach (D:1)
  11 goblins
  7 hobgoblins
  4 jackals (D:2)
  4 quokkas
  4 bats (D:1)
  2 frilled lizards
  4 kobolds
  7 rats
51 creatures vanquished.

Table legend:
 A = Non-vault XP
 B = Vault XP
 C = Vault XP percentage of total XP
 D = Non-vault monster count
 E = Vault monster count
 F = Vault count percentage of total count
                 A         B        C        D         E       F
            +---------+---------+-------+---------+---------+-------
      Total |      64 |      21 |  24.7 |      38 |      13 |  25.5
            +---------+---------+-------+---------+---------+-------
        D:1 |      25 |      11 |  30.6 |      15 |       8 |  34.8
        D:2 |      21 |      10 |  32.3 |      13 |       5 |  27.8
        D:3 |      18 |       0 |   0.0 |      10 |       0 |   0.0
            +---------+---------+-------+---------+---------+-------

Skill      XL: |  1  2 |
---------------+-------+-----
Unarmed Combat | 4 |  4.7
Transmutations | 3 |  3.8
Fighting       | |  1.1
Dodging        | |  2.4
Spellcasting   | |  2.9

Action                     |  1- 3 |  4- 6 || total
---------------------------+-------+-------++-------
  Melee: Unarmed           |    78 |    31 ||   109
         Headbutt          |     4 |     6 ||    10
         Kick              |    10 |     5 ||    15
         Punch             |     1 |       ||     1
   Cast: Beastly Appendage |    28 |     6 ||    34
         Wereblood         |       |     1 ||     1
    Use: Scroll            |     2 |       ||     2
         Potion            |     1 |     1 ||     2
 Armour: Robe              |    20 |     8 ||    28
         Skin              |     1 |       ||     1
  Dodge: Dodged            |    48 |    18 ||    66

Illustrated notes

Table legend:
 A = Kills in this place as a percentage of kills in the entire game.
 B = Kills by you in this place as a percentage of kills by you in the entire game.
 C = Kills by friends in this place as a percentage of kills by friends in the entire game.
 D = Other kills in this place as a percentage of other kills in the entire game.
 E = Experience gained in this place as a percentage of experience gained in the entire game.
 F = Experience gained in this place divided by the number of levels of this place that you have seen.
                   A       B       C       D       E      F
               +-------+-------+-------+-------+-------+----------------------
         Total | 100.0 | 100.0 |   N/A |   N/A | 100.0 |  28.3
       Dungeon | 100.0 | 100.0 |   N/A |   N/A | 100.0 |  28.3
               +-------+-------+-------+-------+-------+----------------------

Table legend: (Time is in decaauts)
 A = Elapsed time spent in this place.
 B = Non-inter-level travel time spent in this place.
 C = Inter-level travel time spent in this place.
 D = Time resting spent in this place.
 E = Time spent auto-exploring this place.
 F = Levels seen in this place.
 G = Mean time per level.
                   A        B        C        D        E       F      G
               +--------+--------+--------+--------+--------+-----+--------+
         Total |   1341 |   1242 |     99 |     23 |    883 |   3 |  447.0 |
       Dungeon |   1341 |   1242 |     99 |     23 |    883 |   3 |  447.0 |
               +--------+--------+--------+--------+--------+-----+--------+

Top non-repeatable levels by time:
     D:2: 628 daAuts
     D:1: 558 daAuts
     D:3: 154 daAuts
